 Dungeon Crawl Stone Soup version 0.20.1-1-g8b1a95d (webtiles) character file.

25 IJustWannaBeBad the Gusty (level 2, -1/17 HPs)
             Began as a Vampire Air Elementalist on Sept 14, 2017.
             Was a Follower of Hepliaklqana.
             Slain by Crazy Yiuf
             ... wielding a +3 quarterstaff of chaos
              (5 damage)
             ... on level 2 of the Dungeon.
             The game lasted 00:10:45 (862 turns).

IJustWannaBeBad the Gusty (Vampire Air Elementalist) Turns: 862, Time: 00:10:46

Health: -1/17      AC:  2    Str:  7    XL:     2   Next: 86%
Magic:  5/5        EV: 13    Int: 17    God:    Hepliaklqana [*.....]
Gold:   30         SH:  0    Dex: 14    Spells: 2/5 levels left

rFire    + . .     SeeInvis +   d - +0 hand axe
rCold    x . .     Gourm    .   (no shield)
rNeg     . . .     Faith    .   a - +0 robe
rPois    .         Spirit   .   (no helmet)
rElec    .         Reflect  .   (no cloak)
rCorr    .         Harm     .   (no gloves)
MR       .....                  (no boots)
Stlth    ++........             (no amulet)
Regen    0.3/turn               e - ring of fire
MPRegen  0.1/turn               (no ring)

@: regenerating quickly
A: reduced essence, fangs 3, see invisible, unbreathing
a: Recall Ancestor, Ancestor Identity, Renounce Religion


You were on level 2 of the Dungeon.
You worshipped Hepliaklqana.
Hepliaklqana was aware of your devotion.
You were full.

You visited 1 branch of the dungeon, and saw 3 of its levels.

You collected 30 gold pieces.

Inventory:

Hand Weapons
 d - a +0 hand axe (weapon)
Armour
 a - a +0 robe (worn)
Jewellery
 e - a ring of fire (left hand)
Potions
 c - a potion of blood
Books
 b - a book of Air

   Spells                             Type                      Level
   a - Shock                          Conjuration/Air              1
   b - Swiftness                      Charms/Air                   2
   c - Static Discharge               Conjuration/Air              3
   d - Airstrike                      Air                          4
   e - Lightning Bolt                 Conjuration/Air              5
Comestibles
 f - a royal jelly


   Skills:
 + Level 0.1 Fighting
 + Level 0.8 Axes
 + Level 2.5 Dodging
 + Level 3.4 Stealth
 + Level 2.0 Spellcasting
 + Level 0.6 Conjurations
 + Level 3.5 Air Magic


You had 2 spell levels left.
You knew the following spells:

 Your Spells              Type           Power        Failure   Level  Hunger
a - Shock                 Conj/Air       #...         9%          1    #......
b - Swiftness             Chrm/Air       #.......     14%         2    ###....


Dungeon Overview and Level Annotations

Branches:
Dungeon (3/15)

Altars:
Hepliaklqana

Annotations:
D:2 Crazy Yiuf


Innate Abilities, Weirdness & Mutations

Your natural rate of healing is unusually fast.
You have razor-sharp teeth.
You have supernaturally acute eyesight. (SInv)
You can survive without breathing.
Your life essence is reduced to manifest your ancestor. (-10% HP)


Message History

* * * LOW HITPOINT WARNING * * *
Crazy Yiuf burns you.
* * * LOW HITPOINT WARNING * * *
You hit Crazy Yiuf.
Crazy Yiuf is lightly wounded.
Crazy Yiuf sings, "Trees, trees, trees, circus!"
Crazy Yiuf barely misses you.
Casting: Shock
Confirm with . or Enter, or press ? or * to list all spells.
Aiming: Shock
Press: ? - help, Shift-Dir - straight line That beam is likely to hit you.
Continue anyway?
Okay, then.
Msizi hits Crazy Yiuf.
Msizi closely misses Crazy Yiuf.
There is an open door here.
Msizi closely misses Crazy Yiuf.
Crazy Yiuf laughs, "Prologue wrapper ragdoll!"
Crazy Yiuf hits you with a quarterstaff of chaos.
You die...

####..####.#... .#
#.......##.#.#### .#
#.##.##.........##.###.
#.##.##.##.#.##..<.....
#.#####################
#.# #.###♣♣♣♣♣
#......♣R♣♣♣#####
#.)...@g♣.g♣#...#
#..).).♣♣♣♣R'...#
##..).♣♣ ♣♣#..)# ####♣♣
#####


You could see the friendly Msizi the ancestor and Crazy Yiuf.

Vanquished Creatures
  A dart slug (D:1)
  A leopard gecko (D:1)
  A ball python (D:1)
  3 giant cockroaches (D:1)
  2 goblins (D:1)
  2 hobgoblins (D:1)
  4 bats
  2 frilled lizards
  3 kobolds (D:1)
  3 rats (D:1)
22 creatures vanquished.

Notes
Turn   | Place    | Note
-------+----------+-------------------------------------------
     0 | D:1      | IJustWannaBeBad the Vampire Air Elementalist began the quest for the Orb.
     0 | D:1      | Reached XP level 1. HP: 13/13 MP: 3/3
   280 | D:1      | Reached XP level 2. HP: 13/19 MP: 5/5
   561 | D:1      | Learned a level 2 spell: Swiftness
   753 | D:2      | Found a faded altar of an unknown god.
   782 | D:2      | Became a worshipper of Hepliaklqana the Forgotten
   782 | D:2      | Reached * piety under Hepliaklqana
   844 | D:2      | Found a runed door.
   848 | D:2      | Noticed Crazy Yiuf
   862 | D:2      | Slain by Crazy Yiuf

Action                   || total
-------------------------++-------
Melee: Hand axe          ||    51
       Bite              ||     6
 Cast: Shock             ||     6
  Use: Scroll            ||     2
 Stab: Sleeping          ||     3
  Eat: Corpse            ||     6
Armor: Robe              ||    18
Dodge: Dodged            ||    55
